AoeStats
← bloodyknive

Arena

507657894Analyzed
4v4 RM · 14d ago on Sep 19, 2026· 65m 27s· 8 players
Game mode
Random Map
Map size
Large (8 player)
Population
200
Speed
Normal
Resources
Standard
Victory
Conquest
Starting age
Dark Age
Ending age
Imperial Age
RankedLock teamsTeams togetherTeam positionsShared explorationLock speedFull tech treeHidden civsTurbo modeCheats
Victory
Defeat
🇦🇺 Goths · Australia
665
+15
🇵🇪 Sicilians · Peru
634
+17
🇨🇳 Saracens · China
593
+18
🇨🇳 Wei · China
484
+23
🇦🇷 Persians · Argentina
669
-19
🇦🇷 Bohemians · Argentina
668
-19
🇦🇷 Huns · Argentina
657
-19
🇦🇷 Goths · Argentina
585
-16
Zatroinos
11:47 Feudal Age
12:20 Double-Bit Axe
23:19 Castle Age
24:58 Bow Saw
26:05 Gold Mining
27:24 Horse Collar
27:26 Pikeman
28:47 Gold Shaft Mining
36:58 Imperial Age
35:58 Heavy Plow
36:46 Stone Mining
38:11 Halberdier
39:29 Stone Shaft Mining
39:10 Scale Barding Armor
39:16 Forging
40:26 Chemistry
39:47 Ballistics
40:24 Wheelbarrow
39:37 Town Watch
40:29 Wheelbarrow
40:56 Conscription
43:26 Iron Casting
43:16 Chain Barding Armor
43:13 Bloodlines
43:05 Husbandry
43:25 Caravan
43:59 Crop Rotation
44:40 Heavy Scorpion
44:51 Onager
46:07 Light Cavalry
46:10 Cavalier
49:13 Blast Furnace
48:17 Scale Mail Armor
48:27 Elite Serjeant
50:57 Siege Onager
52:00 Hauberk
56:02 Chain Mail Armor
56:25 Plate Barding Armor
HBNUVHTFGHYHUGY
11:23 Feudal Age
16:21 Castle Age
15:15 Double-Bit Axe
15:17 Horse Collar
21:53 Heavy Plow
22:34 Bow Saw
23:32 Wheelbarrow
26:55 Hand Cart
26:52 Stone Mining
26:53 Gold Mining
31:17 Scale Barding Armor
34:02 Imperial Age
35:47 Two-Man Saw
34:11 Elite Mameluke
35:12 Conscription
34:51 Onager
37:25 Gold Shaft Mining
37:01 Loom
37:57 Forging
39:04 Siege Onager
40:26 Chain Barding Armor
41:09 Ballistics
41:50 Chemistry
43:23 Plate Barding Armor
43:24 Iron Casting
Elite Savage
Brown Sugar
8:54 Loom
12:00 Feudal Age
15:46 Castle Age
14:52 Double-Bit Axe
14:49 Horse Collar
16:44 Bow Saw
16:37 Heavy Plow
17:20 Wheelbarrow
25:27 Stone Mining
25:35 Gold Mining
26:34 Forging
26:24 Scale Mail Armor
27:05 Stone Shaft Mining
28:31 Iron Casting
28:11 Chain Mail Armor
29:01 Hand Cart
28:31 Town Watch
29:20 Chain Mail Armor
29:12 Caravan
31:59 Coinage
35:16 Imperial Age
33:48 Masonry
33:59 Ballistics
33:35 Murder Holes
33:31 Fletching
35:15 Anarchy
35:40 Town Patrol
35:22 Elite Huskarl
37:07 Two-Man Saw
36:43 Crop Rotation
36:41 Conscription
37:59 Blast Furnace
37:52 Squires
38:03 Perfusion
38:55 Guilds
39:20 Banking
42:24 Bodkin Arrow
50:16 Man-at-Arms
50:45 Pikeman
51:51 Bracer
53:56 Long Swordsman
54:40 Two-Handed Swordsman
55:05 Champion
61:10 Architecture
61:41 Chemistry
64:34 Sappers
64:29 Spies/Treason
m_rkos
3:29 Loom
13:26 Feudal Age
13:59 Double-Bit Axe
14:10 Man-at-Arms
17:20 Horse Collar
17:34 Town Watch
17:57 Scale Mail Armor
18:55 Forging
22:51 Wheelbarrow
27:26 Castle Age
27:27 Long Swordsman
28:25 Chain Mail Armor
28:14 Squires
28:19 Caravan
30:19 Bow Saw
30:11 Heavy Plow
30:05 Fletching
30:16 Padded Archer Armor
31:38 Hand Cart
33:29 Gold Mining
33:34 Stone Mining
36:23 Scale Barding Armor
36:20 Husbandry
35:44 Pikeman
39:16 Imperial Age
39:49 Iron Casting
40:03 Two-Handed Swordsman
41:46 Blast Furnace
40:55 Perfusion
41:33 Crop Rotation
42:05 Two-Man Saw
41:53 Conscription
40:58 Capped Ram
46:02 Chemistry
57:03 Elite Huskarl
58:41 Anarchy
bloodyknive
10:47 Feudal Age
11:13 Double-Bit Axe
11:10 Horse Collar
13:38 Wheelbarrow
13:48 Wheelbarrow
21:45 Castle Age
23:43 Heavy Plow
23:55 Bow Saw
23:37 Gold Mining
23:38 Stone Mining
24:00 Caravan
24:50 Hand Cart
28:04 Loom
32:38 Imperial Age
32:32 Gold Shaft Mining
34:29 Marauders
35:01 Elite Tarkan
36:02 Conscription
35:48 Husbandry
35:59 Bloodlines
36:48 Atheism
37:51 Two-Man Saw
39:35 Scale Barding Armor
39:41 Forging
39:25 Fletching
40:39 Chemistry
39:58 Thumb Ring
41:26 Parthian Tactics
42:14 Heavy Cavalry Archer
44:45 Cavalier
49:23 Crossbowman
49:26 Elite Skirmisher
52:04 Masonry
52:18 Ballistics
51:53 Murder Holes
52:22 Chain Barding Armor
52:38 Iron Casting
56:00 Paladin
Fahrmut
11:11 Feudal Age
12:23 Loom
16:00 Castle Age
14:47 Horse Collar
14:55 Double-Bit Axe
19:09 Heavy Plow
21:12 Wheelbarrow
26:57 Hand Cart
27:22 Scale Barding Armor
28:26 Town Watch
28:44 Stone Mining
28:45 Gold Mining
32:07 Kamandaran
32:34 Chain Barding Armor
32:25 Forging
32:05 Fletching
32:18 Padded Archer Armor
37:39 Imperial Age
38:20 Stone Shaft Mining
38:21 Gold Shaft Mining
39:35 Elite War Elephant
41:12 Crop Rotation
40:58 Bow Saw
42:24 Town Patrol
44:05 Citadels
56:44 Crossbowman
57:30 Thumb Ring
61:26 Bodkin Arrow
62:38 Pikeman
63:19 Squires
63:05 Gambesons
64:29 Iron Casting
63:54 Scale Mail Armor
63:38 Halberdier
Mauro19068
1:44 Loom
12:09 Feudal Age
13:33 Wheelbarrow
14:10 Double-Bit Axe
14:38 Town Watch
20:36 Horse Collar
24:31 Castle Age
26:42 Fervor
27:20 Hand Cart
27:06 Town Patrol
27:20 Bow Saw
27:15 Heavy Plow
36:30 Imperial Age
35:36 Masonry
35:33 Siphons
35:18 Guard Tower
35:49 Ballistics
36:45 Fortified Wall
36:32 Murder Holes
36:18 Treadmill Crane
40:31 Two-Man Saw
40:46 Architecture
40:22 Siege Engineers
40:53 Keep
40:04 Arrowslits
40:01 Elite Hussite Wagon
42:41 Conscription
41:52 Sappers
42:41 Wagenburg Tactics
43:13 Sappers
44:04 Conscription
43:50 Wagenburg Tactics
46:07 Chemistry
49:25 Caravan
49:56 Coinage
53:36 Heavy Scorpion
54:36 Cavalier
55:25 Scale Barding Armor
55:21 Scale Mail Armor
55:22 Padded Archer Armor
55:37 Husbandry
56:57 Man-at-Arms
Connection lost

Rejoining the realm…

Still unreachable

The connection could not be restored.

Session expired

The server has moved on; the page needs a fresh start.